 Dungeon Crawl Stone Soup version 0.13-a0-3016-gcb2faac (webtiles) character file.

600 Kae the Ruinous (level 7, -11/36 HPs)
             Began as a Tengu Fire Elementalist on Sept 13, 2013.
             Was an Initiate of Vehumet.
             Mangled by a gnoll
             ... wielding a +0,+1 spear
              (12 damage)
             ... on Level 4 of the Dungeon.
             The game lasted 00:07:52 (3439 turns).

Kae the Ruinous (Tengu Fire Elementalist)           Turns: 3439, Time: 00:07:52

HP -11/36        AC  3     Str  9      XL: 7   Next: 17%
MP   1/16        EV 12     Int 17      God: Vehumet [......]
Gold 99          SH  0     Dex 14      Spells:  3 memorised,  6 levels left

Res.Fire  : . . .   See Invis. : .   u - +2,+3 quarterstaff (chaos)
Res.Cold  : . . .   Warding    : .   a - +0 robe
Life Prot.: . . .   Conserve   : .   (no shield)
Res.Poison: .       Res.Corr.  : .   (helmet restricted)
Res.Elec. : .       Clarity    : .   v - +0 cloak
Sust.Abil.: . .     Spirit.Shd : .   (no gloves)
Res.Mut.  : .       Stasis     : .   (boots unavailable)
Res.Rott. : .       Flight     : .   (no amulet)
Saprovore : . . .                    (no ring)
                                     (no ring)

@: slightly resistant to hostile enchantments, fairly stealthy
A: able to fly, beak, talons 3
a: Fly, Renounce Religion


You were on level 4 of the Dungeon.
You worshipped Vehumet.
Vehumet was pleased with you.
You were not hungry.

You visited 2 branches of the dungeon, and saw 5 of its levels.

You collected 79 gold pieces.

Inventory:

Hand weapons
 m - a +0,+0 dagger
 u - a +2,+3 quarterstaff of chaos (weapon)
Missiles
 e - 17 darts of dispersal (quivered)
 f - 52 darts
Armour
 a - a +0 robe (worn)
 v - a +0 cloak (worn)
 B - a +0 buckler
Magical devices
 t - a wand of random effects (9) {unknown}
 z - a wand of flame (16) {unknown}
 G - a wand of magic darts (10) {unknown}
Comestibles
 c - 3 bread rations
 k - an apricot
 l - a rambutan
 s - a pear
 w - a chunk of quokka flesh
 F - a beef jerky
Scrolls
 g - 8 scrolls of remove curse {unknown}
 h - 2 scrolls of fog {unknown}
 i - 6 scrolls of identify {unknown}
 n - 3 scrolls of fear {unknown}
 o - a scroll of enchant weapon I {unknown}
 p - a scroll of magic mapping {unknown}
 x - a scroll of curse weapon {unknown}
 y - a scroll of amnesia {unknown}
 A - 3 scrolls of teleportation {unknown}
Potions
 d - a potion of heal wounds {unknown}
 j - 3 potions of curing {unknown}
 q - a potion of beneficial mutation {unknown}
 C - 2 potions of cure mutation {unknown}
 D - a potion of flight {unknown}
Books
 b - a book of Flames

   Spells                             Type                      Level
   *Flame Tongue                      Conjuration/Fire             1
   *Throw Flame                       Conjuration/Fire             2
   *Conjure Flame                     Conjuration/Fire             3
   Inner Flame                        Hexes/Fire                   3
   Sticky Flame                       Conjuration/Fire             4
   Fireball                           Conjuration/Fire             5
 r - a book of Geomancy

   Spells                             Type                      Level
   Sandblast                          Earth                        1
   Stoneskin                          Transmutation/Earth          2
   Passwall                           Transmutation/Earth          3
   Stone Arrow                        Conjuration/Earth            3
   Petrify                            Transmutation/Earth          4
   Lee's Rapid Deconstruction         Earth                        5
 H - a book of the Sky

   Spells                             Type                      Level
   Flight                             Charms/Air                   3
   Airstrike                          Air                          4
   Silence                            Hexes/Air                    5
   Deflect Missiles                   Charms/Air                   6
   Conjure Ball Lightning             Conjuration/Air              7
   Tornado                            Air                          9


   Skills:
 - Level 2.1 Dodging
 - Level 2.0 Stealth
 + Level 3.1 Spellcasting
 * Level 6.8 Conjurations
 + Level 5.4 Fire Magic


You had 6 spell levels left.
You knew the following spells:

 Your Spells              Type           Power        Failure   Level  Hunger
a - Flame Tongue          Conj/Fire      ###..        1%          1    None
b - Throw Flame           Conj/Fire      ###...       2%          2    ##.....
c - Conjure Flame         Conj/Fire      ###.....     6%          3    ###....


Dungeon Overview and Level Annotations

Branches:
Dungeon (4/27)             Temple (1/1) D:4

Altars:
Ashenzari
Elyvilon
Fedhas
Kikubaaqudgha
Makhleb
Nemelex Xobeh
Okawaru
Sif Muna
Trog
Vehumet
Xom
Yredelemnul
Zin
the Shining One


Innate Abilities, Weirdness & Mutations

You can fly.
You have a beak for a mouth.
You have claws for feet.


Message History

Aim: a gnoll, wielding a glowing spear (heavily wounded)
The flame misses the gnoll.
Casting: Flame Tongue
Confirm with . or Enter, or press ? or * to list all spells.
You don't have enough magic to cast that spell.
Read which item? (? for menu, Esc to quit)
Okay, then.
Drink which item? (? for menu, Esc to quit)
You suddenly lose the ability to move!
It was a potion of paralysis.
The gnoll hits you from afar with a spear.
The gnoll hits you but does no damage.
The gnoll hits you from afar with a spear!
* * * LOW HITPOINT WARNING * * *
The gnoll completely misses you.
You can move again.
Unknown command.
The gnoll hits you from afar with a spear!
* * * LOW HITPOINT WARNING * * *
The gnoll hits you from afar with a spear!
You die...

#.........#
#...).....# .
#.........# ..o
#.........# o..o
#.).......### .g...
#........loo##.......
#......g..#..ggl.....
#.........####g......
#...@.g...# .....
##)######## ....
#..## #+# ##..# ##.##
#..# #####.##
#......#.. #......#.#


You could see an orc priest, 2 gnolls, an orc and a giant gecko.

Vanquished Creatures
  Grinder (D:3)
  Crazy Yiuf (D:2)
  A gnoll shaman (D:4)
  An iguana (D:4)
  3 gnolls (D:4)
  6 adders
  2 giant mites
  A worm (D:4)
  A giant gecko (D:1)
  An ooze (D:3)
  4 orcs
  6 giant cockroaches
  11 hobgoblins
  3 quokkas
  3 ball pythons (D:3)
  12 bats
  4 giant newts
  10 goblins
  2 jackals (D:2)
  8 kobolds
  14 rats
95 creatures vanquished.

Notes
Turn   | Place    | Note
--------------------------------------------------------------
     0 | D:1      | Kae, the Tengu Fire Elementalist, began the quest for the Orb.
     0 | D:1      | Reached XP level 1. HP: 10/10 MP: 3/3
   100 | D:1      | Reached XP level 2. HP: 4/15 MP: 3/5
   587 | D:1      | Reached XP level 3. HP: 7/19 MP: 4/7
  1284 | D:2      | Reached XP level 4. HP: 24/24 MP: 1/8
  1491 | D:2      | Noticed Crazy Yiuf
  1500 | D:2      | Killed Crazy Yiuf
  1500 | D:2      | Reached skill level 4 in Conjurations
  1696 | D:2      | Reached XP level 5. HP: 24/28 MP: 6/11
  1901 | D:2      | Found a white marble altar of Elyvilon.
  2101 | D:3      | Noticed Grinder
  2124 | D:2      | Learned a level 2 spell: Throw Flame
  2128 | D:2      | Learned a level 3 spell: Conjure Flame
  2245 | D:3      | Found an ancient bone altar of Kikubaaqudgha.
  2340 | D:3      | Paralysed by Grinder for 3 turns
  2344 | D:3      | Paralysed by Grinder for 6 turns
  2365 | D:3      | Paralysed by Grinder for 2 turns
  2369 | D:3      | Killed Grinder
  2369 | D:3      | Reached skill level 6 in Conjurations
  2369 | D:3      | Reached XP level 6. HP: 3/32 MP: 3/14
  2784 | D:3      | Reached skill level 5 in Fire Magic
  2892 | D:4      | Found a staircase to the Ecumenical Temple.
  2908 | Temple   | Entered the Ecumenical Temple
  3166 | Temple   | Became a worshipper of Vehumet
  3246 | D:4      | Reached XP level 7. HP: 36/36 MP: 6/16
  3431 | D:4      | Paralysed by a potion of paralysis for 5 turns
  3437 | D:4      | HP: 1/36 [gnoll/spear (7)]
  3439 | D:4      | Mangled by a gnoll

Action                   |  1- 3 |  4- 6 |  7- 9 || total
-------------------------+-------+-------+-------++-------
Melee: Unarmed           |    25 |       |       ||    25
       Dagger            |    32 |    10 |       ||    42
       Quarterstaff      |       |    14 |       ||    14
 Cast: Flame Tongue      |    53 |    72 |    23 ||   148
       Conjure Flame     |       |     1 |     1 ||     2
       Throw Flame       |       |     2 |     2 ||     4
  Use: Potion            |       |       |     1 ||     1
 Stab: Sleeping          |     2 |     1 |       ||     3
